 Dungeon Crawl Stone Soup version 0.22-a0-373-gab1296c (webtiles) character file.

61049 iamserjio the Quickloader (level 15, 0/93 HPs)
             Began as a Kobold Hunter on Apr 25, 2018.
             Was the Champion of Okawaru.
             Slain by a two-headed ogre
             ... wielding a +0 giant club
              (29 damage)
             ... on level 13 of the Dungeon.
             The game lasted 02:32:45 (29147 turns).

iamserjio the Quickloader (Kobold Hunter)          Turns: 29147, Time: 02:32:46

Health: 0/93       AC: 16    Str: 16 (17) XL:     15   Next: 40%
Magic:  10/25      EV: 19    Int: 15      God:    Okawaru [******]
Gold:   1116       SH:  5    Dex:  9 (13) Spells: 14/27 levels left

rFire    + . .     SeeInvis +   H - +4 mace "Nenliycs" {venom, rC+ Str+2 SInv Stlth+}
rCold    + + .     Gourm    .   I - +0 buckler
rNeg     + . .     Faith    .   N - +3 ring mail {rN+}
rPois    .         Spirit   .   E - +2 helmet
rElec    +         Reflect  .   B - scarf {rC+ rF+}
rCorr    .         Harm     .   j - +0 pair of gloves
MR       +++..                  V - +1 pair of boots {run}
Stlth    +++.......             (no amulet)
HPRegen  0.25/turn              K - ring of wizardry
MPRegen  0.19/turn              m - ring of Bismunge {rElec MR++ Str+2 Dex-3 Stlth-}

@: very slightly contaminated, quick
A: small, carnivore
a: Heroism, Finesse, Renounce Religion


You were on level 13 of the Dungeon.
You worshipped Okawaru.
Okawaru was exalted by your worship.
You were completely stuffed.

You visited 3 branches of the dungeon, and saw 22 of its levels.
You also visited: Sewer.

You collected 1402 gold pieces.
You spent 286 gold pieces at shops.

Inventory:

Hand Weapons
 a - a +1 hand crossbow of flaming
 g - the +5 triple crossbow of Conscience {velocity, +Inv Int-3 Stlth+}
   (Okawaru gifted it to you on level 5 of the Lair of Beasts)

   Any bolt fired from it inflicts extra damage.
   It affects your intelligence (-3).
   It lets you turn invisible.
   It makes you more stealthy.
 F - the cursed +1 triple crossbow of the Madman {velocity, Str+4, unknown}
   (You found it on level 13 of the Dungeon)

   Any bolt fired from it inflicts extra damage.
   It affects your strength (+4).
   It has a curse placed upon it.
 H - the +4 mace "Nenliycs" (weapon) {venom, rC+ Str+2 SInv Stlth+}
   (You found it on level 6 of the Lair of Beasts)

   It poisons the flesh of those it strikes.
   It affects your strength (+2).
   It protects you from cold.
   It lets you see invisible.
   It makes you more stealthy.
 R - the +9 flail of the Tooth {crush, -Tele Str+8 Int-5 SInv}
   (You found it on level 9 of the Dungeon)

   It inflicts extra damage upon your enemies.
   It affects your strength (+8).
   It affects your intelligence (-5).
   It lets you see invisible.
   It prevents most forms of teleportation.
 U - a +3 arbalest of velocity
Missiles
 v - 11 bolts
 S - 3 throwing nets (quivered)
Armour
 j - a +0 pair of gloves (worn)
 l - a +2 robe of resistance
 B - a scarf of resistance (worn)
 E - a +2 helmet (worn)
 I - a +0 buckler (worn)
 L - a +2 chain mail of fire resistance
 N - a +3 ring mail of positive energy (worn)
 V - a +1 pair of boots of running (worn)
 X - the +0 robe of Trial and Error {Str+3}
   (You found it on level 5 of the Lair of Beasts)

   It affects your strength (+3).
 Z - +0 ice dragon scales
Jewellery
 m - the ring of Bismunge (right hand) {rElec MR++ Str+2 Dex-3 Stlth-}
   (You found it on level 6 of the Lair of Beasts)

   [ring of loudness]

   It affects your strength (+2).
   It affects your dexterity (-3).
   It insulates you from electricity.
   It affects your resistance to hostile enchantments.
   It makes you less stealthy.
 p - an uncursed ring of see invisible
 y - an uncursed ring of positive energy
 J - an uncursed ring of magical power
 K - a ring of wizardry (left hand)
Wands
 c - a wand of polymorph (11)
 n - a wand of acid (7)
 q - a wand of paralysis (7)
 M - a wand of iceblast (38)
 W - a wand of digging (10)
Scrolls
 b - a scroll of holy word
 d - 5 scrolls of enchant weapon
 e - 7 scrolls of immolation
 k - a scroll of fear
 t - 8 scrolls of remove curse
 u - 6 scrolls of teleportation
 w - 5 scrolls of amnesia
 G - a scroll of brand weapon
 O - 3 scrolls of silence
 Q - a scroll of vulnerability
Potions
 h - 2 potions of might
 i - 3 potions of cancellation
 o - a potion of lignification
 r - 8 potions of curing
 s - 2 potions of resistance
 x - 6 potions of brilliance
 A - 4 potions of haste
 C - 2 potions of flight
 D - 3 potions of mutation {unknown}
 P - a potion of magic {unknown}
 T - a potion of invisibility
Miscellaneous
 z - a fan of gales
Comestibles
 f - 42 rations
 Y - 3 chunks of flesh


   Skills:
 + Level 10.9 Fighting
 - Level 14.3 Crossbows
 - Level 6.0 Armour
 + Level 13.6 Dodging
 - Level 7.0 Stealth
 - Level 4.0 Shields
 + Level 6.9 Spellcasting
 - Level 5.0 Summonings
 * Level 8.9 Fire Magic
 - Level 5.0 Air Magic
 - Level 7.3 Invocations


You had 14 spell levels left.
You knew the following spells:

 Your Spells              Type           Power        Failure   Level  Hunger
a - Summon Lightning Spi  Summ/Air       ###.....     14%         4    ####...
b - Call Canine Familiar  Summ           ###.....     4%          3    ##.....
c - Ignite Poison         Fire/Tmut/Pois ##......     10%         3    ##.....
d - Confuse               Hex            #.......     32%         3    ##.....


Dungeon Overview and Level Annotations

Branches:
Dungeon (15/15)            Temple (1/1) D:6            Lair (6/6) D:11
  Swamp (0/4) Lair:4       Spider (0/4) Lair:2        Slime (0/5) Lair:5
    Orc: D:9-12      Vaults: D:13-14     Depths: D:15

Altars:
Ashenzari
Dithmenos
Fedhas
Hepliaklqana
Makhleb
Nemelex Xobeh
Okawaru
Qazlal
Ru
Sif Muna
Trog
Uskayaw
Vehumet
Xom
Yredelemnul
Zin
The Shining One
Jiyva

Shops:
D:7 !

Portals:
Trove: D:11 (give +6 demon trident)

Annotations:
Lair:3 exclusion: 2 oklob plants


Innate Abilities, Weirdness & Mutations

You are small and have problems with some larger weapons.
You are carnivorous and can eat meat at any time.


Message History

Aiming: Summon Lightning Spire (safe; 14% risk of failure)
Press: ? - help, Dir - move target cursor An electric hum fills the air.
You hit the two-headed ogre.
The two-headed ogre is poisoned.
The two-headed ogre is lightly wounded.
The two-headed ogre hits you with a giant club!!
The two-headed ogre closely misses you.
Your lightning spire shoots out a bolt of lightning at the two-headed ogre!
The bolt of electricity hits the two-headed ogre.
Things that are here:
a shortbow; 13 arrows; a yak corpse
Things that are here:
a shortbow; 17 arrows; a centaur corpse Your lightning spire shoots out a bolt of lightning at the two-headed ogre!
The bolt of electricity hits the two-headed ogre.
You hit the two-headed ogre.
The two-headed ogre looks as sick as possible!
The two-headed ogre is heavily wounded.
The two-headed ogre hits you with a giant club!!
You die...

#### #####################
.................O).8.......
...........##...@###....###
.................# #....#
..# #........((.# #....# ..#
#.........)(###....# ..#
#.........)(.......# ..#
#........).........# ..#
#.........######.......
..####.........#....#.......
..........###..'....#.......


You could see a two-headed ogre and a friendly lightning spire.

Vanquished Creatures
  Gastronok (D:8)
  The ghost of Protee the Wallflower, a journeyman DsSk of Uskayaw (Lair:2)
  4 hydras
  2 catoblepae
  2 centaur warriors (D:15)
  6 two-headed ogres
  A deep troll shaman (Lair:6)
  5 death yaks (Lair:6)
  A fire crab (Lair:3)
  A phantasmal warrior (D:15)
  A cyclops (D:14)
  2 ugly things (D:11)
  5 black mambas
  A centaur zombie (D:10)
  3 elephants (Lair:5)
  11 spiny frogs
  A torpor snail (Lair:4)
  Psyche (D:8)
  3 rime drakes
  5 komodo dragons
  2 freezing wraiths (D:15)
  7 polar bears
  A queen bee (Lair:2)
  A jumping spider (Lair:2)
  3 trolls
  Prince Ribbit (D:8)
  19 blink frogs
  3 hippogriffs
  3 redbacks
  A wraith (D:10)
  A centaur simulacrum (D:15)
  2 wyverns (D:11)
  32 yaks
  3 hogs (D:10)
  4 basilisks
  2 hungry ghosts
  2 soldier ants
  2 swamp worms (Lair:4)
  A warg (D:12)
  6 water moccasins
  2 orc warriors
  10 porcupines
  6 sky beasts
  7 black bears
  7 ice beasts
  3 phantoms
  3 boggarts (D:15)
  13 wolves
  6 necrophages (Lair:5)
  8 ogres
  9 centaurs
  9 crocodiles
  2 big kobolds
  17 bullfrogs
  A wyvern zombie (D:8)
  5 scorpions
  17 killer bees
  3 wights (D:7)
  5 howler monkeys
  A vampire bat (Lair:2)
  An electric eel (Lair:4)
  4 crimson imps
  2 bullfrog zombies
  5 orc priests
  3 hounds
  3 jellies
  8 orc wizards
  A quasit (D:12)
  A bullfrog skeleton (D:9)
  3 centaur skeletons
  6 iguanas
  2 hell rats (Lair:4)
  Natasha (thrice) (D:2)
  7 worker ants
  A hound zombie (D:7)
  A howler monkey zombie (D:7)
  2 worker ant zombies
  Robin (D:2)
  13 adders
  A river rat (D:5)
  5 shadow imps
  2 white imps (Lair:6)
  12 oozes
  2 adder skeletons
  2 adder zombies (D:2)
  A worm (D:2)
  3 dart slugs
  18 leopard geckos
  20 orcs
  14 ball pythons
  2 bat zombies (D:2)
  10 giant cockroaches
  13 goblins
  15 hobgoblins
  15 jackals
  10 kobolds
  4 quokkas
  12 bats
  23 frilled lizards
  A jackal skeleton (D:4)
  A jackal zombie (D:2)
  A leopard gecko skeleton (D:5)
  A leopard gecko zombie (D:6)
  A quokka skeleton (D:6)
  2 quokka zombies (D:2)
  5 rats
  A fungus (Lair:2)
551 creatures vanquished.

Vanquished Creatures (collateral kills)
  Rupert (Lair:5)
  A fire dragon (Lair:5)
  An ice dragon (Lair:6)
  A centaur warrior (D:13)
  A hydra (Lair:6)
  Harold (Lair:1)
  A death yak (Lair:6)
  A skeletal warrior (D:13)
  A lindwurm (Lair:6)
  A cyclops (D:11)
  4 elephants
  An ice statue (Lair:6)
  Maurice (D:8)
  A black mamba (Lair:4)
  4 spiny frogs
  A komodo dragon (Lair:4)
  3 trolls
  A jumping spider (Lair:2)
  A polar bear (Lair:2)
  A hippogriff (Lair:1)
  7 blink frogs
  25 yaks
  2 wraiths (D:15)
  A basilisk (Lair:2)
  A human (D:10)
  2 porcupines
  3 water moccasins
  A black bear (D:8)
  2 wolves (Lair:4)
  5 centaurs (D:13)
  2 crocodiles (D:11)
  3 bullfrogs
  3 killer bees (Lair:2)
  A jelly (D:15)
  A hound (D:10)
  An orc priest (D:9)
  An orc wizard (D:9)
  2 hell rats (Lair:4)
  A white imp (Lair:6)
  2 oozes (Lair:5)
  3 orcs (D:9)
  A kobold (D:13)
98 creatures vanquished.

Vanquished Creatures (others)
  19 fungi
  13 plants
32 creatures vanquished.

Grand Total: 681 creatures vanquished

Notes
Turn   | Place    | Note
-------+----------+-------------------------------------------
     0 | D:1      | iamserjio the Kobold Hunter began the quest for the Orb.
     0 | D:1      | Reached XP level 1. HP: 12/12 MP: 1/1
   324 | D:1      | Reached XP level 2. HP: 18/18 MP: 2/2
   336 | D:1      | Reached skill level 5 in Crossbows
   795 | D:2      | Found a shadowy altar of Dithmenos.
   816 | D:2      | Reached XP level 3. HP: 22/22 MP: 3/3
   892 | D:2      | Noticed Natasha
   895 | D:2      | Killed Natasha
   895 | D:2      | Reached XP level 4. HP: 27/27 MP: 4/4
  1223 | D:2      | Noticed Robin
  1343 | D:1      | Reached XP level 5. HP: 32/32 MP: 5/5
  1557 | D:2      | Killed Robin
  1743 | D:2      | Noticed Natasha
  1749 | D:2      | Killed Natasha
  1769 | D:2      | Noticed Natasha
  1774 | D:2      | Killed Natasha
  2281 | D:3      | Reached XP level 6. HP: 38/38 MP: 6/6
  2300 | D:3      | Reached skill level 6 in Crossbows
  2367 | D:3      | Found a faded altar of an unknown god.
  2569 | D:3      | Found a hazy altar of Hepliaklqana.
  2771 | D:3      | Found a basalt altar of Yredelemnul.
  2771 | D:3      | Found a shattered altar of Ashenzari.
  2933 | D:4      | Noticed a phantom
  2980 | D:4      | Killed a phantom
  2980 | D:4      | Reached skill level 5 in Dodging
  2980 | D:4      | Reached XP level 7. HP: 26/43 MP: 7/7
  3177 | D:4      | Reached skill level 7 in Crossbows
  3305 | D:4      | Found a stormy altar of Qazlal.
  3631 | D:4      | Reached XP level 8. HP: 48/48 MP: 8/8
  3765 | D:5      | Entered Level 5 of the Dungeon
  3770 | D:5      | Found a glowing drain.
  3842 | Sewer    | Entered a sewer
  4072 | Sewer    | Reached skill level 8 in Crossbows
  5111 | D:5      | Learned a level 4 spell: Summon Lightning Spire
  5552 | D:6      | Reached skill level 1 in Summonings
  5552 | D:6      | Reached skill level 1 in Air Magic
  5811 | D:6      | Reached skill level 5 in Stealth
  5817 | D:6      | Reached skill level 9 in Crossbows
  5845 | D:6      | Found a glowing golden altar of the Shining One.
  5877 | D:6      | Reached XP level 9. HP: 43/52 MP: 9/9
  6933 | D:6      | Found a deep blue altar of Sif Muna.
  6991 | D:6      | Found a staircase to the Ecumenical Temple.
  7253 | D:7      | Found a sparkling altar of Nemelex Xobeh.
  7381 | D:7      | Found Uxedas's Distillery.
  7478 | D:7      | Bought a potion of heal wounds for 65 gold pieces
  7478 | D:7      | Bought a potion of heal wounds for 65 gold pieces
  7478 | D:7      | Bought a potion of heal wounds for 65 gold pieces
  7478 | D:7      | Bought a potion of agility for 52 gold pieces
  7478 | D:7      | Bought a potion of curing for 39 gold pieces
  7799 | Temple   | Entered the Ecumenical Temple
  7807 | Temple   | Became a worshipper of Warmaster Okawaru
  8070 | D:7      | Reached XP level 10. HP: 48/57 MP: 10/10
  8415 | D:8      | Reached skill level 5 in Summonings
  8415 | D:8      | Reached skill level 5 in Air Magic
  8451 | D:8      | Reached skill level 10 in Crossbows
  8458 | D:8      | Noticed Gastronok
  8473 | D:8      | Killed Gastronok
  8473 | D:8      | Reached * piety under Okawaru
  8509 | D:8      | Noticed a two-headed ogre
  8523 | D:8      | Reached ** piety under Okawaru
  8564 | D:8      | Reached skill level 1 in Spellcasting
  8585 | D:8      | Reached skill level 1 in Armour
  8592 | D:8      | Noticed Psyche
  8595 | D:8      | Killed Psyche
  8595 | D:8      | Reached XP level 11. HP: 38/62 MP: 16/16
  8606 | D:8      | Reached skill level 5 in Fighting
  8792 | D:8      | Noticed Maurice
  9226 | D:8      | Noticed Prince Ribbit
  9233 | D:8      | Killed Prince Ribbit
  9440 | D:8      | Killed a two-headed ogre
  9440 | D:8      | Reached *** piety under Okawaru
  9447 | D:8      | Killed Maurice
  9646 | D:9      | Got a warped flail
  9656 | D:9      | Found an opulent altar of Gozag.
 10351 | D:9      | Received a gift from Okawaru
 10353 | D:9      | Found a sacrificial altar of Ru.
 10353 | D:9      | Found a shimmering altar of Xom.
 10355 | D:9      | Found a glowing silver altar of Zin.
 10355 | D:9      | Found a bloodstained altar of Trog.
 10355 | D:9      | Found a radiant altar of Vehumet.
 10382 | D:9      | Identified the +9 flail of the Tooth {crush, -Tele Str+8 Int-5 SInv} (You found it on level 9 of the Dungeon)
 10389 | D:10     | Entered Level 10 of the Dungeon
 10510 | D:10     | Noticed a two-headed ogre
 11011 | D:10     | Received a gift from Okawaru
 11392 | D:10     | Reached skill level 11 in Crossbows
 11784 | D:10     | Noticed a two-headed ogre
 11808 | D:10     | Killed a two-headed ogre
 11808 | D:10     | Reached **** piety under Okawaru
 11965 | D:11     | Reached skill level 10 in Dodging
 11992 | D:11     | Noticed a two-headed ogre
 11999 | D:11     | Killed a two-headed ogre
 11999 | D:11     | Reached ***** piety under Okawaru
 11999 | D:11     | Received a gift from Okawaru
 12081 | D:11     | Killed a two-headed ogre
 12081 | D:11     | Reached XP level 12. HP: 44/71 MP: 9/17
 12214 | D:11     | Received a gift from Okawaru
 12239 | D:11     | Found a staircase to the Lair.
 12249 | D:11     | Noticed an unseen horror
 12257 | D:11     | Found a portal to a secret trove of treasure.
 12557 | D:11     | Reached skill level 12 in Crossbows
 12873 | D:11     | Received a gift from Okawaru
 12960 | Lair:1   | Entered Level 1 of the Lair of Beasts
 13747 | Lair:1   | Noticed Harold
 13756 | Lair:1   | Killed Harold
 13756 | Lair:1   | Received a gift from Okawaru
 13783 | Lair:1   | You fall through a shaft!
 13991 | Lair:1   | Received a gift from Okawaru
 14309 | Lair:1   | Received a gift from Okawaru
 14328 | Lair:1   | Reached ****** piety under Okawaru
 14331 | Lair:1   | Reached skill level 13 in Crossbows
 14334 | Lair:1   | Reached skill level 5 in Armour
 14339 | Lair:1   | Received a gift from Okawaru
 14856 | Lair:1   | Reached XP level 13. HP: 78/78 MP: 13/18
 15241 | Lair:2   | Found a hole to the Spider Nest.
 15851 | Lair:2   | Noticed a catoblepas
 16440 | Lair:2   | Reached skill level 1 in Shields
 16536 | Lair:2   | Learned a level 3 spell: Call Canine Familiar
 16540 | Lair:2   | Learned a level 3 spell: Ignite Poison
 16817 | Lair:3   | Noticed a four-headed hydra
 16828 | Lair:3   | Killed a four-headed hydra
 16828 | Lair:3   | Reached skill level 1 in Fire Magic
 16865 | Lair:2   | Noticed Protee's ghost (journeyman DsSk)
 16895 | Lair:1   | Killed a catoblepas
 17074 | Lair:2   | Killed Protee's ghost
 17133 | Lair:2   | Received a gift from Okawaru
 17242 | Lair:2   | Identified a +0 pair of boots of running (Okawaru gifted it to you on level 2 of the Lair of Beasts)
 18471 | Lair:3   | Reached skill level 14 in Crossbows
 19891 | Lair:4   | Found a staircase to the Swamp.
 20178 | Lair:4   | Reached XP level 14. HP: 69/86 MP: 15/19
 20448 | Lair:5   | Found a blossoming altar of Fedhas.
 21043 | Lair:5   | Got an ichor-stained robe
 21083 | Lair:5   | Reached skill level 5 in Fire Magic
 21198 | Lair:5   | Identified the +0 robe of Trial and Error {Str+3} (You found it on level 5 of the Lair of Beasts)
 21230 | Lair:5   | Received a gift from Okawaru
 21389 | Lair:5   | Found a runed door.
 21620 | Lair:5   | Found a viscous altar of Jiyva.
 21620 | Lair:5   | Found a staircase to the Slime Pits.
 21818 | Lair:5   | Received a gift from Okawaru
 22049 | Lair:6   | Entered Level 6 of the Lair of Beasts
 22169 | Lair:6   | Noticed Rupert
 22171 | Lair:6   | Received a gift from Okawaru
 22177 | Lair:6   | Paralysed by Rupert for 2 turns
 22209 | Lair:6   | Paralysed by Rupert for 3 turns
 22258 | Lair:6   | Paralysed by Rupert for 5 turns
 22601 | Lair:5   | Killed Rupert
 22601 | Lair:5   | Received a gift from Okawaru
 22604 | Lair:5   | Got an iridescent triple crossbow {god gift}
 22612 | Lair:5   | Identified the +5 triple crossbow of Conscience {velocity, +Inv Int-3 Stlth+} (Okawaru gifted it to you on level 5 of the Lair of Beasts)
 22834 | Lair:6   | Got a pitted mace
 23017 | Lair:6   | Reached skill level 10 in Fighting
 23399 | Lair:6   | Reached skill level 5 in Spellcasting
 23888 | Lair:6   | Identified the +4 mace "Nenliycs" {venom, rC+ Str+2 SInv Stlth+} (You found it on level 6 of the Lair of Beasts)
 23893 | Lair:6   | Got a crude amber ring
 23901 | Lair:6   | Identified the ring of Bismunge {rElec MR++ Str+2 Dex-3 Stlth-} (You found it on level 6 of the Lair of Beasts)
 23918 | Lair:6   | Received a gift from Okawaru
 24101 | Lair:6   | Received a gift from Okawaru
 25074 | Lair:6   | Reached XP level 15. HP: 73/93 MP: 14/24
 26473 | D:12     | You fall through a shaft for 3 floors!
 26473 | D:15     | Entered Level 15 of the Dungeon
 27074 | D:15     | Received a gift from Okawaru
 27130 | D:15     | Learned a level 3 spell: Confuse
 27472 | D:15     | Found a sacrificial altar of Ru.
 27991 | D:14     | Found a blossoming altar of Fedhas.
 28462 | D:14     | Received a gift from Okawaru
 28790 | D:13     | Got an ancient triple crossbow
 29147 | D:13     | Slain by a two-headed ogre

Vault maps used:
D:1:      sevenhm_arrival_forest_fort_small_4, minmay_misc_feat_hallway,
          minmay_pentomino_t2
D:2:      old_standard_altar, serial_undead, serial_undead_c, serial_undead_f,
          serial_undead_b, serial_undead_a, serial_undead_a, serial_undead_f,
          serial_undead_a, serial_undead_d, serial_undead_c, serial_undead_e,
          minmay_unequal, uniq_natasha, uniq_robin
D:3:      overflow_temple_1_default, amethyst_overflow_temple_binary,
          chequers_ecumenical_altar_island
D:4:      old_standard_altar, first_ration
D:5:      cheibrodos_sewer_entry_sluice
D:6:      cheibrodos_barr_body, tgw_sif, tso_metal_star,
          minmay_temple_entry_from_below_a
D:7:      nemelex_xobeh_ov_fountains_minmay, serial_shops, shop_statue
D:8:      uniq_prince_ribbit1, uniq_psyche, uniq_gastronok, uniq_maurice
D:9:      doesnt_xom_only_xom
D:10:     grunt_livestock
D:11:     minmay_lair_entry_grove, enter_trove_0
D:12:     erik_orc_4, basic_altar, minmay_door_square
D:13:     minmay_misc_feat_columns, nrook_guardian_serpent_double
D:14:     david_vaults_2, fedhas_altar_1
D:15:     gammafunk_depths_entry_grave, old_standard_altar
Temple:   dshaligram_water_room_temple
Lair:1:   minivault_11, st_stairs_9, grunt_megastairs_5, uniq_harold
Lair:2:   nicolae_spider_entry_tight_spaces, special_room, roderic_batcave
Lair:3:   hangedman_lair_generics_rect, minmay_lair_oklob_chamber
Lair:4:   nicolae_swamp_entry_splash_gauntlet, serial_bayou_shore_b
Lair:5:   dragon1_lemuel, slime_altar_2, basic_altar, roderic_carrion_pond
Lair:6:   grunt_lair_end_beastmaster, ice2_lemuel, uniq_rupert
Sewer:    sewer_frog_island_02

Skill      XL: |  1  2  3  4  5  6  7  8  9 10 11 12 13 14 15 |
---------------+----------------------------------------------+-----
Crossbows      | 5 6 7 9 10 11 13 14 | 14.3
Stealth        | 2 3 5 7 |  7.0
Dodging        | 3 4 5 6 7 8 10 11 12 13 | 13.6
Fighting       | 3 4 6 8 9 10 | 10.9
Summonings     | 1 4 5 |  5.0
Air Magic      | 1 4 5 |  5.0
Invocations    | 7 |  7.3
Spellcasting   | 1 2 3 6 |  6.9
Armour         | 1 3 5 6 |  6.0
Shields        | 3 4 |  4.0
Fire Magic     | 4 7 8 |  8.9

Action                   |  1- 3 |  4- 6 |  7- 9 | 10-12 | 13-15 || total
-------------------------+-------+-------+-------+-------+-------++-------
Melee: Short sword       |       |     9 |       |       |       ||     9
       Dagger            |       |       |   450 |    12 |       ||   462
       Hand crossbow     |       |       |     2 |       |       ||     2
       Flail             |       |       |       |   126 |     4 ||   130
       Scimitar          |       |       |       |    68 |       ||    68
       Unarmed           |       |       |       |    10 |       ||    10
       Mace              |       |       |       |       |   129 ||   129
 Fire: Hand crossbow     |    50 |   151 |   212 |   303 |  1036 ||  1752
Throw: Stone             |       |    27 |    13 |     2 |       ||    42
       Throwing net      |       |       |       |       |     5 ||     5
 Cast: Summon Lightning  |       |       |       |    51 |   113 ||   164
       Call Canine Famil |       |       |       |       |    13 ||    13
Invok: Heroism           |       |       |       |     4 |    10 ||    14
       Finesse           |       |       |       |       |     1 ||     1
Evoke: Wand              |       |       |    11 |    16 |    13 ||    40
  Use: Scroll            |       |       |    11 |     9 |    16 ||    36
       Potion            |       |       |       |     1 |    21 ||    22
 Stab: Sleeping          |       |       |     4 |     6 |     1 ||    11
       Distracted        |       |       |       |     2 |     1 ||     3
  Eat: Chunk             |       |    14 |    16 |    48 |    71 ||   149
Armor: Leather armour    |     2 |    16 |    93 |    15 |       ||   126
       Robe              |       |       |       |    41 |       ||    41
       Ring mail         |       |       |       |     1 |   209 ||   210
       Skin              |       |       |       |       |    22 ||    22
Dodge: Dodged            |    14 |    72 |   417 |   420 |   763 ||  1686
Block: Buckler           |       |       |       |       |   128 ||   128
       Rpst.: Scimitar   |       |       |       |    26 |       ||    26

Table legend:
 A = Spawn XP
 B = Non-spawn XP
 C = Spawn XP percentage of total XP
 D = Spawn monster count
 E = Non-spawn monster count
 F = Spawn count percentage of total count
 G = Total turns spent on level
                    A         B        C        D         E        F      G
               +---------+---------+-------+---------+---------+-------+---------
         Total |       0 |   87214 |   0.0 |       0 |     648 |   0.0 | 29147
               +---------+---------+-------+---------+---------+-------+---------
           D:1 |       0 |      31 |   0.0 |       0 |      16 |   0.0 |  1047
           D:2 |       0 |     227 |   0.0 |       0 |      40 |   0.0 |  1119
           D:3 |       0 |     149 |   0.0 |       0 |      23 |   0.0 |   767
           D:4 |       0 |     612 |   0.0 |       0 |      18 |   0.0 |   832
           D:5 |       0 |     263 |   0.0 |       0 |      15 |   0.0 |   961
           D:6 |       0 |    1263 |   0.0 |       0 |      21 |   0.0 |  1626
           D:7 |       0 |    1092 |   0.0 |       0 |      23 |   0.0 |  1197
           D:8 |       0 |    5819 |   0.0 |       0 |      30 |   0.0 |  1159
           D:9 |       0 |    1172 |   0.0 |       0 |      21 |   0.0 |   875
          D:10 |       0 |    2935 |   0.0 |       0 |      20 |   0.0 |  1568
          D:11 |       0 |    5515 |   0.0 |       0 |      36 |   0.0 |  1456
          D:12 |       0 |    1175 |   0.0 |       0 |      24 |   0.0 |   407
          D:13 |       0 |    3696 |   0.0 |       0 |      17 |   0.0 |   540
          D:14 |       0 |    2085 |   0.0 |       0 |      10 |   0.0 |   616
          D:15 |       0 |    4564 |   0.0 |       0 |      18 |   0.0 |  1518
        Lair:1 |       0 |    8243 |   0.0 |       0 |      44 |   0.0 |  2552
        Lair:2 |       0 |    7033 |   0.0 |       0 |      54 |   0.0 |  1380
        Lair:3 |       0 |    6629 |   0.0 |       0 |      25 |   0.0 |  2162
        Lair:4 |       0 |    5965 |   0.0 |       0 |      35 |   0.0 |  1405
        Lair:5 |       0 |   10520 |   0.0 |       0 |      39 |   0.0 |  1998
        Lair:6 |       0 |   17803 |   0.0 |       0 |      53 |   0.0 |  3156
         Sewer |       0 |     423 |   0.0 |       0 |      66 |   0.0 |   791
               +---------+---------+-------+---------+---------+-------+---------
